 Dungeon Crawl Stone Soup version 0.19.1-1-g22dce08 (webtiles) character file.

317 empire the Conjurer (level 6, -10/41 HPs)
             Began as a Mummy Conjurer on Jan 13, 2017.
             Mangled by an ogre
             ... wielding a +0 giant club
              (20 damage)
             ... on level 5 of the Dungeon.
             The game lasted 00:09:01 (5619 turns).

empire the Conjurer (Mummy Conjurer)                Turns: 5619, Time: 00:09:02

Health: -10/41     AC:  3    Str: 11    XL:     6   Next: 20%
Magic:  8/12       EV: 17    Int: 16    God:
Gold:   228        SH:  0    Dex: 13    Spells: 3 memorised, 5 levels left

rFire  x . .     SeeInvis .     a - +0 short sword
rCold  + . .     Gourm    .     e - +1 robe
rNeg   + + +     Faith    .     (no shield)
rPois  ∞         Spirit   .     (no helmet)
rElec  .         Reflect  .     (no cloak)
rCorr  +         Harm     .     (no gloves)
MR     .....                    (no boots)
Stlth  ++........               (no amulet)
                                j - ring of resist corrosion
                                c - +5 ring of evasion

@: no status effects
A: no food or potions, fire vulnerability, cold resistance 1, negative energy
resistance 3, torment resistance, unbreathing
a: no special abilities


You were on level 5 of the Dungeon.
You were not hungry.

You visited 1 branch of the dungeon, and saw 5 of its levels.

You collected 228 gold pieces.

Inventory:

Hand Weapons
 a - a +0 short sword (weapon)
Armour
 e - a +1 robe (worn)
Jewellery
 c - a +5 ring of evasion (left hand)
 j - a ring of resist corrosion (right hand)
Wands
 h - a wand of iceblast (0/15)
 i - a wand of paralysis (5/24)
 k - a wand of confusion (21/48)
Scrolls
 d - 4 scrolls of identify
 f - a scroll of enchant armour
 g - a scroll of magic mapping {unknown}
Books
 b - a book of Conjurations

   Spells                             Type                      Level
   a - Magic Dart                     Conjuration                  1
   b - Searing Ray                    Conjuration                  2
   c - Dazzling Spray                 Conjuration/Hexes            3
   d - Fulminant Prism                Conjuration/Hexes            4
   e - Iskenderun's Mystic Blast      Conjuration                  4
   f - Iskenderun's Battlesphere      Conjuration/Charms           5


   Skills:
 - Level 1.5 Dodging
 - Level 1.5 Stealth
 + Level 4.0 Spellcasting
 + Level 4.6 Conjurations
 + Level 2.5 Hexes


You had 5 spell levels left.
You knew the following spells:

 Your Spells              Type           Power        Failure   Level  Hunger
a - Magic Dart            Conj           ###.         2%          1    N/A
b - Dazzling Spray        Conj/Hex       ##....       12%         3    N/A
c - Iskenderun's Mystic   Conj           ###.....     28%         4    N/A

Dungeon Overview and Level Annotations

Branches:
Dungeon (5/15)
 Temple: D:4-7

Altars:
Fedhas
Ru

Annotations:
D:4 Blork the orc


Innate Abilities, Weirdness & Mutations

You do not eat or drink.
Your flesh is vulnerable to fire.
You are immune to poison.
Your flesh is cold resistant. (rC+)
You are immune to negative energy. (rN+++)
You are immune to unholy pain and torment.
You can survive without breathing.


Message History

Zapping:
k - a wand of confusion (will waste charges)
Press: ? - help, Shift-Dir - straight line, f/p - ogre
Aim: an ogre, wielding a giant club (heavily wounded, chance to defeat MR: 46%)
The ogre resists with some effort.
Evoking this partially-identified wand wasted a few charges.
The worker ant closely misses you. The ogre misses you.
The worker ant barely misses you.
Evoke which item? (* to show all) (? for menu, Esc to quit)
Zapping:
k - a wand of confusion {zapped: 3} (will waste charges)
Press: ? - help, Shift-Dir - straight line, f/p - ogre
Aim: an ogre, wielding a giant club (heavily wounded, chance to defeat MR: 46%)
The worker ant resists with significant effort.
Evoking this partially-identified wand wasted a few charges.
The worker ant bites you but does no damage.
You see here a silvery potion.
The worker ant bites you but does no damage.
An adder skeleton comes into view.
There is a stone staircase leading down here.
The ogre hits you with a giant club!!
You die...

#####.##.##.##.#.##....#
#.##....##.........#
#.####..####.......#
#.......# ####...##
######.## #.!.#
##.########...#########
#...#..................
#.#....a...............
...#.Z.@O............##.
#.#####.#####...#####.##.
#. ...# #...# #.##. #
#.### #...# #.##. !..
#...# #.... #.# #...#
#.##. ... #...# #.##. ##
##.## #.##. #


You could see an ogre, a worker ant and an adder skeleton.

Vanquished Creatures
  A howler monkey (D:5)
  A crimson imp (D:5)
  A hound (D:4)
  2 orc wizards (D:5)
  4 adders
  A gnoll (D:4)
  An ooze (D:3)
  An adder zombie (D:5)
  An adder skeleton (D:5)
  2 worms (D:3)
  A dart slug (D:2)
  6 leopard geckos
  7 orcs
  5 giant cockroaches
  10 goblins
  5 hobgoblins
  11 jackals
  7 bats
  4 frilled lizards
  5 kobolds
  A quokka skeleton (D:5)
  11 rats
88 creatures vanquished.

Notes
Turn   | Place    | Note
-------+----------+-------------------------------------------
     0 | D:1      | empire the Mummy Conjurer began the quest for the Orb.
     0 | D:1      | Reached XP level 1. HP: 13/13 MP: 3/3
   494 | D:1      | Reached XP level 2. HP: 9/19 MP: 0/5
  1291 | D:2      | Reached XP level 3. HP: 17/24 MP: 1/6
  1393 | D:2      | Learned a level 3 spell: Dazzling Spray
  2964 | D:3      | Reached skill level 1 in Hexes
  2964 | D:3      | Reached XP level 4. HP: 30/30 MP: 8/8
  3788 | D:3      | Found a sacrificial altar of Ru.
  4415 | D:4      | Reached XP level 5. HP: 13/35 MP: 8/10
  4791 | D:4      | Noticed Blork the orc
  4851 | D:5      | Entered Level 5 of the Dungeon
  5082 | D:5      | Found a blossoming altar of Fedhas.
  5107 | D:5      | Reached XP level 6. HP: 10/41 MP: 0/11
  5550 | D:5      | Learned a level 4 spell: Iskenderun's Mystic Blast
  5619 | D:5      | Mangled by an ogre

Skill      XL: |  1  2  3  4  5  6 |
---------------+-------------------+-----
Conjurations   | 4 |  4.6
Spellcasting   | 3 4 |  4.0
Hexes          | 1 2 |  2.5
Dodging        | |  1.5
Stealth        | |  1.5

Action                   |  1- 3 |  4- 6 || total
-------------------------+-------+-------++-------
Melee: Unarmed           |    26 |       ||    26
       Dagger            |   109 |       ||   109
       Short sword       |    22 |   190 ||   212
 Cast: Magic Dart        |    45 |    62 ||   107
       Dazzling Spray    |       |     8 ||     8
       Iskenderun's Myst |       |     1 ||     1
Evoke: Wand              |       |     4 ||     4
  Use: Scroll            |     4 |     1 ||     5
 Stab: Sleeping          |     3 |       ||     3
       Distracted        |     1 |       ||     1
       Invisible         |       |     1 ||     1
Armor: Robe              |    25 |    31 ||    56
Dodge: Dodged            |   177 |   232 ||   409
